Map: Lightshade LE

Players

Tommy

  • Race: Terran Terran
  • League: Master
  • Spawn Location: 5:00

ViBE - Winner!

  • Race: Protoss Protoss
  • League: Silver
  • Spawn Location: 11:00

VOD

https://www.youtube.com/watch?v=VjhJ7E-kFgw&list=PLFeZeom2b4DnD3FIu7pzkXl51JX_WWz2h&index=2

Description

Time

  • Played on: March 11, 2021, 9:06 p.m.
  • Length: 12:30
Show
View Real Time Build Order
Export as new Build Order

Tommy Terran 

Build Orders:  

Get SALT Encoding   

  12  0:02  SCV  
  13  0:14  SCV  
  14  0:23  Supply Depot  
  14  0:27  SCV  
  15  0:45  SCV  
  15  0:46  Supply Depot  
  16  0:57  SCV  
  17  1:05  Barracks  
  17  1:09  SCV  
  17  1:10  Supply Depot  
  18  1:17  Refinery  
  18  1:21  Refinery, SCV  
  19  1:33  SCV  
  20  1:46  SCV  
  21  1:55  Barracks Reactor  
  21  1:58  SCV  
  22  2:01  Bunker  
  22  2:31  Marine x2  
  22  2:34  Factory  
  24  2:49  Marine x2, Engineering Bay  
  26  3:07  Marine x2  
  28  3:19  Hellion  
  30  3:25  Marine x2  
  32  3:31  Bunker  
  32  3:36  Neosteel Armor  
  32  3:40  Hellion  
  34  3:42  Marine  
  34  3:43  Marine  
  36  3:48  Armory  
  36  4:02  Hellion  
  38  4:19  Bunker  
  38  4:25  Marine  
  39  4:40  Marine  
  39  4:42  Hellion  
  39  4:43  Marine  
  37  4:58  Marine  
  38  5:01  Marine  
  37  5:12  Hellion  
  39  5:18  Marine  
  39  5:19  Marine  
  35  5:33  Hellion  
  31  5:36  Marine  
  31  5:37  Marine  
  27  5:54  Marine  
  27  5:55  Marine, Hellion  
  30  6:01  Bunker  
  30  6:07  Orbital Command  
  30  6:11  Marine  
  30  6:12  Marine  
  30  6:16  Hellion  
  34  6:29  Marine  
  34  6:30  Marine  
  36  6:37  Hellion  
  36  6:47  Marine  
  36  6:48  Marine  
  36  7:05  Marine  
  36  7:06  Marine  
  33  7:16  Factory Tech Lab  
  30  7:23  Marine  
  30  7:24  Marine  
  31  7:41  Marine  
  31  7:42  Marine  
  33  7:50  Bunker  
  33  7:51  Terran Infantry Armor Level 1  
  33  7:53  Terran Vehicle And Ship Armor Level 1  
  33  7:58  Marine  
  33  7:59  Marine, Siege Tank  
  38  8:16  Marine  
  38  8:17  Marine  
  32  8:31  Siege Tank  
  26  9:09  Siege Tank  
  29  9:34  Command Center  
  29  9:37  Starport  
  29  9:41  Siege Tank  
  29  9:45  Terran Infantry Weapons Level 1  
  32  9:47  Terran Ship Weapons Level 1  
  32  9:59  Barracks  
  32  10:10  Barracks  
  32  10:13  Siege Tank  
  35  10:40  Starport Tech Lab  
  35  10:45  Siege Tank  
  35  10:47  Fusion Core  
  38  10:50  Barracks Reactor  
  38  11:04  Barracks Tech Lab  
  38  11:30  Missile Turret  
  38  11:38  Marine x2  
  40  11:51  SCV  
  41  11:56  Marine x2  
  43  12:03  Marine, SCV  
Show
View Real Time Build Order
Export as new Build Order

ViBE Protoss - Winner!

Build Orders: 1 Gate Expand 

Get SALT Encoding   

  12  0:01  Probe  
  13  0:13  Probe  
  14  0:20  Pylon  
  14  0:25  Probe  
  15  0:38  Probe  
  16  0:43  Gateway  
  16  0:50  Assimilator, Probe  
  17  1:03  Probe  
  18  1:15  Probe  
  19  1:27  Probe  
  19  1:28  Nexus  
  20  1:39  Probe  
  21  1:42  Assimilator  
  21  1:51  Probe  
  21  1:52  Cybernetics Core  
  22  2:03  Pylon, Probe  
  23  2:21  Probe  
  24  2:29  Stalker  
  26  2:32  Warp Gate  
  26  2:33  Probe  
  27  2:41  Probe  
  28  2:46  Pylon  
  28  2:47  Probe  
  29  2:53  Robotics Facility, Probe  
  29  2:54  Gateway  
  30  3:01  Probe  
  30  3:02  Stalker  
  30  3:05  Probe  
  34  3:19  Probe  
  36  3:20  Probe  
  36  3:31  Probe  
  36  3:32  Probe  
  38  3:43  Probe  
  38  3:44  Probe  
  38  3:48  Immortal (Chrono Boost)  
  40  3:51  Stalker  
  40  3:52  Stalker  
  46  4:21  Pylon  
  45  4:24  Pylon  
  45  4:30  Nexus  
  45  4:36  Immortal (Chrono Boost)  
  41  4:39  Probe  
  41  4:43  Stalker x2  
  50  4:51  Probe  
  43  5:03  Probe  
  43  5:07  Stalker x2  
  44  5:11  Immortal (Chrono Boost)  
  48  5:15  Probe  
  45  5:27  Probe  
  44  5:31  Stalker x2  
  41  5:39  Probe  
  40  5:48  Probe  
  41  5:52  Probe  
  42  6:00  Immortal  
  46  6:06  Probe x2  
  48  6:17  Stalker x2  
  52  6:18  Probe  
  52  6:19  Probe  
  54  6:36  Probe x2  
  51  6:43  Stalker  
  51  6:44  Stalker  
  51  6:50  Probe x2  
  51  6:51  Nexus  
  51  6:53  Pylon  
  53  6:58  Immortal  
  57  7:02  Probe x2  
  59  7:10  Assimilator x2  
  59  7:12  Stalker  
  61  7:16  Stalker  
  61  7:19  Probe x2  
  61  7:37  Immortal  
  65  7:53  Probe x2  
  67  7:59  Pylon  
  67  8:02  Pylon  
  67  8:03  Stalker x2  
  71  8:06  Probe x2  
  71  8:08  Probe  
  74  8:18  Probe x2  
  72  8:20  Probe  
  72  8:23  Immortal  
  72  8:27  Stalker  
  74  8:28  Stalker  
  74  8:30  Probe (Chrono Boost)  
  74  8:31  Probe (Chrono Boost)  
  74  8:33  Probe (Chrono Boost)  
  77  8:40  Probe (Chrono Boost)  
  77  8:41  Probe x2 (Chrono Boost)  
  80  8:45  Probe x2 (Chrono Boost)  
  80  8:46  Probe (Chrono Boost)  
  78  8:54  Nexus, Stalker  
  78  8:55  Pylon, Stalker  
  81  9:01  Probe  
  81  9:02  Probe x2  
  78  9:05  Immortal  
  82  9:14  Assimilator  
  82  9:16  Assimilator  
  82  9:20  Stalker  
  82  9:21  Stalker  
  86  9:33  Probe x3  
  89  9:44  Observer  
  90  9:53  Pylon, Stalker x2  
  90  9:54  Pylon  
  90  9:59  Twilight Council  
  94  10:00  Forge  
  94  10:05  Immortal  
  98  10:07  Gateway  
  98  10:08  Gateway, Probe x2  
  98  10:09  Probe x2  
  98  10:11  Gateway  
  102  10:17  Stalker x2  
  105  10:39  Nexus  
  105  10:40  Pylon  
  105  10:43  Pylon  
  105  10:45  Immortal  
  105  10:46  Stalker  
  105  10:47  Stalker  
  113  11:02  Pylon  
  113  11:05  Pylon  
  113  11:09  Pylon  
  113  11:24  Immortal  
  117  11:38  Stalker x2  
  121  11:40  Probe  
  121  11:41  Probe  
  121  11:42  Probe x2  
  125  11:47  Gateway  
  125  11:48  Gateway  
  125  11:51  Gateway  
  125  11:54  Gateway  
  125  11:56  Gateway  
  125  11:59  Gateway  
  125  12:01  Gateway  
  124  12:03  Gateway  
  124  12:06  Gateway  
  119  12:14  Stalker  
  119  12:15  Stalker  
  112  12:16  Stalker  
  112  12:17  Stalker  
  112  12:18  Stalker  
Tags
 
Matchup
PvT
Player
ViBE
Replay Pack
Bronze_League
Spawn Locations
Cross Positions
Add a new tag
Caveats
  • Supply blocks, unpowered buildings, or Contaminate may cause inaccurate times.
  • Supply counts are checked every 10 seconds.